 Dungeon Crawl Stone Soup version 0.30.0-20-g3615ddf2f0 (webtiles) character file.

Game seed: 8661883493279306752

95 qw the Chopper (level 4, -3/28 HPs)
             Began as a Gargoyle Fighter on June 1, 2023.
             Killed from afar by Ijyb (7 damage)
             ... with a bolt of acid
             ... on level 3 of the Dungeon.
             The game lasted 00:01:02 (1998 turns).

qw the Chopper (Gargoyle Fighter)                   Turns: 1998, Time: 00:01:02

Health: -3/28      AC: 14    Str: 22    XL:     4   Next: 65%
Magic:  4/4        EV:  8    Int:  8    God:
Gold:   103        SH:  4    Dex:  9    Spells: 3/3 levels left

rFire   . . .        Y - +0 war axe
rCold   . . .        c - +0 buckler
rNeg    + + .        m - +2 chain mail {rPois}
rPois   inf          (no helmet)
rElec   +            (no cloak)
rCorr   .            (no gloves)
SInv    .            (no boots)
Will    .....        (no amulet) Stlth
                     j - ring of positive energy
HPRegen 0.24/turn    (no ring)
MPRegen 0.09/turn

%: no passive effects
@: no status effects
A: sickness immunity, AC +3, negative energy resistance 1, electricity
resistance, torment resistance 1, petrification resistance
a: no special abilities


You were on level 3 of the Dungeon.
You visited 1 branch of the dungeon, and saw 3 of its levels.

You collected 103 gold pieces.


Innate Abilities, Weirdness & Mutations

You are immune to sickness and miasma.
Your stone body is resilient. (AC +3)
You are immune to poison.
You resist negative energy. (rN+)
You are resistant to electric shocks. (rElec)
You are resistant to unholy torment.
You are immune to petrification.


   Skills:
 - Level 3.2 Fighting
 + Level 4.3 Axes
 - Level 3.2 Armour
 - Level 3.2 Shields


You had 3 spell levels left.
You didn't know any spells.
Your spell library was empty.

Inventory:

Hand Weapons
 f - a +0 mace
 Y - a +0 war axe (weapon)
Armour
 c - a +0 buckler (worn)
 m - a +2 chain mail of poison resistance (worn)
Jewellery
 e - a ring of fire
 j - a ring of positive energy (left hand)
Potions
 a - a potion of lignification {unknown}
 d - 3 potions of might
 h - a potion of curing
 i - a potion of berserk rage {unknown}
 l - a potion of flight {unknown}

Dungeon Overview and Level Annotations

Branches:
Dungeon (3/15)

Altars:
Xom

Annotations:
D:3 Ijyb


Message History

Ijyb shouts!
Enter note:
Enter note:
1986 ||| Stepping ~*~*~tactically~*~*~ (hiding).
Found 8 stones.
Found an escape hatch in the floor.
Enter note:
Enter note: Ijyb zaps a wand.
The bolt of acid misses you.
Enter note:
Enter note: You hit Ijyb.
Ijyb is lightly wounded.
Ijyb barely misses you.
You hit Ijyb.
Ijyb is lightly wounded.
Ijyb zaps a wand.
The bolt of acid hits you!
Ijyb zaps a wand.
The bolt of acid hits you!
You slash Ijyb!
Ijyb is heavily wounded.
Ijyb hits you with a +0 club.
You barely miss Ijyb.
Ijyb is heavily wounded.
Ijyb hits you with a +0 club.
You closely miss Ijyb.
Ijyb is heavily wounded.
Ijyb hits you with a +0 club. You block Ijyb's attack.
You barely miss Ijyb.
Ijyb is heavily wounded.
Ijyb zaps a wand.
The bolt of acid hits you but does no damage.
You hit Ijyb.
Ijyb is heavily wounded.
Ijyb hits you with a +0 club.
You hit Ijyb but do no damage.
Ijyb is heavily wounded.
Ijyb closely misses you.
You slash Ijyb!
Ijyb is almost dead.
Ijyb hits you but does no damage.
Ijyb zaps a wand.
The bolt of acid hits you!
You die...

#...........#)#.
#######........###.
#......)...........
#................##
#...(...........##
#...............#
####...##........#
#####....#############
#......@.# #.....g...#
#.........#
..........#
.>.......## #........#
#.....(..# #........#


You could see Ijyb.

Vanquished Creatures
  5 adders
  A worm (D:2)
  A dart slug (D:1)
  6 endoplasms
  4 giant cockroaches
  2 goblins
  A hobgoblin (D:1)
  5 quokkas
  8 ball pythons
  3 bats
  A frilled lizard (D:2)
  2 kobolds
  7 rats
46 creatures vanquished.

Notes
Turn   | Place    | Note
-------+----------+-------------------------------------------
     0 | D:1      | qw the Gargoyle Fighter began the quest for the Orb.
     0 | D:1      | Reached XP level 1. HP: 14/14 MP: 1/1
     0 | D:1      | 0 ||| qw: Version: 0.2-a-102-gfc559e5
     0 | D:1      | 0 ||| qw: Game counter: 666
     0 | D:1      | 0 ||| qw: Always use a shield: true
     0 | D:1      | 0 ||| qw: God list: Okawaru
     0 | D:1      | 0 ||| qw: Allow faded altars: false
     0 | D:1      | 0 ||| qw: Do Orc after D:15 true
     0 | D:1      | 0 ||| qw: Do second Lair branch before Depths: true
     0 | D:1      | 0 ||| qw: Lair rune preference: random
     0 | D:1      | 0 ||| qw: Plans: Normal, Zot:1-4, Slime:5, God:TSO, Crypt,
                  | Tomb, Pan, Hells, Abyss, Win
     0 | D:1      | 0 ||| PLANNING D:1-11
    34 | D:1      | Reached skill level 2 in Axes
    35 | D:1      | 35 ||| Stepping ~*~*~tactically~*~*~ (stealth).
   138 | D:1      | Reached XP level 2. HP: 19/19 MP: 2/2
   159 | D:1      | 159 ||| Stepping ~*~*~tactically~*~*~ (hiding).
   667 | D:1      | Reached skill level 3 in Axes
   687 | D:1      | Reached XP level 3. HP: 23/23 MP: 3/3
   991 | D:1      | 991 ||| UPGRADING to ring of positive energy.
   992 | D:1      | 992 ||| READING scroll labelled FEJIMP ATZENEWK.
   993 | D:1      | 993 ||| READING 2 scrolls labelled XATSOE RE IKKOS.
   994 | D:1      | 994 ||| DROPPING scroll of magic mapping.
  1047 | D:2      | 1047 ||| STAIRDANCE
  1225 | D:2      | 1225 ||| Stepping ~*~*~tactically~*~*~ (stealth).
  1294 | D:2      | 1294 ||| Stepping ~*~*~tactically~*~*~ (stealth).
  1301 | D:2      | Reached XP level 4. HP: 25/28 MP: 4/4
  1308 | D:2      | 1308 ||| Stepping ~*~*~tactically~*~*~ (stealth).
  1441 | D:2      | Reached skill level 4 in Axes
  1617 | D:2      | Found a shimmering altar of Xom.
  1774 | D:2      | 1774 ||| UPGRADING to +2 chain mail of poison resistance.
  1784 | D:2      | 1784 ||| DROPPING +0 scale mail.
  1785 | D:2      | 1785 ||| READING 3 scrolls labelled ZYR SOJYDIURPH.
  1786 | D:2      | 1786 ||| READING scroll labelled ALECOJUICKO.
  1787 | D:2      | 1787 ||| DRINKING 2 fizzy emerald potions.
  1788 | D:2      | 1788 ||| DROPPING 2 scrolls of poison.
  1847 | D:3      | Identified the +0 dagger of Conformity {freeze, *Rage rF++
                  | Dex+3}
  1985 | D:3      | Noticed Ijyb
  1986 | D:3      | 1986 ||| Stepping ~*~*~tactically~*~*~ (hiding).
  1992 | D:3      | HP: 7/28 [Ijyb/+0 club (3)]
  1998 | D:3      | Killed from afar by Ijyb

Levels and vault maps discovered:
D:1:      mrwooster_arrival_statue_3, layout_basic, minmay_tripent
D:2:      layout_basic, basic_altar
D:3:      layout_basic, minivault_25, item_on_display_a, uniq_ijyb, uniq_terence

Skill      XL: |  1  2  3  4 |
---------------+-------------+-----
Axes           | 2 3 4 |  4.3
Fighting       | |  3.2
Armour         | |  3.2
Shields        | |  3.2

Action                     |  1- 3 |  4- 6 || total
---------------------------+-------+-------++-------
  Melee: War axe           |   105 |    48 ||   153
    Use: Scroll            |     2 |     2 ||     4
         Potion            |       |     1 ||     1
 Armour: Scale mail        |    62 |     4 ||    66
         Chain mail        |       |    17 ||    17
  Dodge: Dodged            |    39 |    16 ||    55
  Block: Buckler           |    21 |     6 ||    27

Table legend:
 A = Non-vault XP
 B = Vault XP
 C = Vault XP percentage of total XP
 D = Non-vault monster count
 E = Vault monster count
 F = Vault count percentage of total count
                 A         B        C        D         E       F
            +---------+---------+-------+---------+---------+-------
      Total |     133 |       3 |   2.2 |      44 |       2 |   4.3
            +---------+---------+-------+---------+---------+-------
        D:1 |      37 |       3 |   7.5 |      22 |       2 |   8.3
        D:2 |      62 |       0 |   0.0 |      16 |       0 |   0.0
        D:3 |      34 |       0 |   0.0 |       6 |       0 |   0.0
            +---------+---------+-------+---------+---------+-------
